 Dungeon Crawl Stone Soup version 0.31.0-11-ge490571c62 (webtiles) character file.

Game seed: 15185062155527505527

900 qw the Skirmisher (level 7, 0/35 HPs)
             Began as a Spriggan Hunter on Feb 4, 2024.
             Killed by divine providence
             ... invoked by an orc priest
              (9 damage)
             ... on level 5 of the Dungeon.
             The game lasted 00:00:15 (3519 turns).

qw the Skirmisher (Spriggan Hunter)                 Turns: 3519, Time: 00:00:16

Health: 0/35       AC:  2    Str:  7    XL:     7   Next: 79%
Magic:  8/8        EV: 28    Int: 10    God:
Gold:   410        SH:  5    Dex: 21    Spells: 6/6 levels left

rFire   . . .        a - +0 shortbow
rCold   . . .        (shield currently unavailable)
rNeg    . . .        c - +0 robe
rPois   .            (helmet restricted)
rElec   .            (no cloak)
rCorr   .            (gloves unavailable)
SInv    +            (boots unavailable)
Will    +....        h - amulet of reflection
Stlth   ++           d - +5 ring of evasion
HPRegen 0.25/turn    (no ring)
MPRegen 0.11/turn

%: reflection
@: about to teleport, very quick
A: very small, no large weapons, unfitting armour, see invisible, speed 3
a: no special abilities


You were on level 5 of the Dungeon.
You visited 1 branch of the dungeon, and saw 5 of its levels.

You collected 410 gold pieces.


Innate Abilities, Weirdness & Mutations

You are very small and have problems with some larger weapons.
You are too small for most types of armour.
You have supernaturally acute eyesight. (SInv)
You cover ground extremely quickly. (Speed+++)


   Skills:
 - Level 2.3 Fighting
 - Level 8.0 Ranged Weapons
 + Level 7.3 Dodging
 - Level 1.5 Stealth


You had 6 spell levels left.
You didn't know any spells.
Your spell library was empty.

Inventory:

Hand Weapons
 a - a +0 shortbow (weapon)
Armour
 c - a +0 robe (worn)
Jewellery
 d - a +5 ring of evasion (left hand)
 h - an amulet of reflection (around neck)
 j - a ring of poison resistance
Wands
 e - a wand of light (3)
Potions
 b - a potion of enlightenment
 f - a potion of cancellation
 g - 3 potions of heal wounds
 k - 2 potions of curing
 l - a potion of haste {unknown}
 m - a potion of attraction {unknown}
 n - a potion of might {unknown}

Dungeon Overview and Level Annotations

Branches:
Dungeon (5/15)
 Temple: D:4-7

Altars:
Ashenzari
Elyvilon
Fedhas
Gozag
Xom
Zin


Message History

The adder completely misses you. The ufetubus completely misses you. x2
You shoot an arrow. The arrow closely misses the ufetubus.
The ufetubus completely misses you. x2; The adder misses you.
You shoot an arrow. The arrow hits the ufetubus.
You kill the ufetubus!
The adder bites you. The adder completely misses you.
You shoot an arrow. The arrow hits the adder.
The adder is moderately wounded.
You block the adder's attack.
You shoot an arrow. The arrow closely misses the adder.
The adder misses you.
You shoot an arrow. The arrow hits the adder!
You kill the adder!
You start resting.
HP restored.
You see here an adder corpse.
You now have 395 gold pieces (gained 7).
You see here an adder corpse.
You hear the brisk rusting of a very distant drain.
You now have 410 gold pieces (gained 15).
m - a purple potion An orc comes into view.
It is wielding a +0 hand axe.
You shoot an arrow. The arrow hits the orc!
You kill the orc!
An orc priest comes into view. It is wielding a +0 whip.
You shoot an arrow. The arrow hits the orc priest!
The orc priest shouts!
The orc priest is severely wounded.
The orc priest calls down the wrath of Beogh upon you.
Beogh smites you!
You hear an angry hiss.
3518 ||| FLEEEEING.
The orc priest invokes the aid of Beogh against you.
Beogh smites you!
3519 ||| READING scroll of teleportation.
As you read the scroll of teleportation, it crumbles to dust.
You feel strangely unstable.
The orc priest mumbles some strange prayers to Beogh against you.
Beogh smites you!
You die...

#%##.......##..
#....#####.##.#
#....# #.##.#
#.#### #.##.#
#.# #.##.## ..#
#.#.#.###.#.#
####
#..###......#
###
#...#.###.#)#
..#
....#@......o#
#.#
###.##..###.#.#
#.# #.#...# #.#
#..#..# ..#
#......
#########
##....##
........# ....#
###.###.# ###..
..#.#.#.#


You could see an orc priest.

Vanquished Creatures
  An ogre (D:4)
  4 phantoms (D:4)
  A bullfrog (D:4)
  3 hounds
  A bombardier beetle (D:4)
  An orc wizard (D:5)
  A sleepcap (D:4)
  2 iguanas (D:5)
  Natasha (twice) (D:4)
  5 adders
  A white imp (D:5)
  4 ufetubi (D:5)
  3 dart slugs
  8 orcs
  7 endoplasms
  2 giant cockroaches (D:4)
  9 goblins
  7 hobgoblins
  11 jackals
  9 kobolds
  A quokka (D:1)
  9 ball pythons
  13 bats
  2 frilled lizards
  4 rats
111 creatures vanquished.

Notes
Turn   | Place    | Note
-------+----------+-------------------------------------------
     0 | D:1      | qw the Spriggan Hunter began the quest for the Orb.
     0 | D:1      | Reached XP level 1. HP: 10/10 MP: 2/2
     0 | D:1      | 0 ||| qw: Version: 0.3-a-160-g6735b56
     0 | D:1      | 0 ||| qw: Game counter: 4760
     0 | D:1      | 0 ||| qw: Melee chars always use a shield: true
     0 | D:1      | 0 ||| qw: God list: Okawaru
     0 | D:1      | 0 ||| qw: Allow faded altars: false
     0 | D:1      | 0 ||| qw: Do Orc after clearing Dungeon:15 true
     0 | D:1      | 0 ||| qw: Do second Lair branch before Depths: true
     0 | D:1      | 0 ||| qw: Lair rune preference: random
     0 | D:1      | 0 ||| qw: Goals: Normal
     0 | D:1      | 0 ||| PLANNING D:1-11
    49 | D:1      | Reached skill level 3 in Dodging
    91 | D:1      | Found a faded altar of an unknown god.
    93 | D:1      | Reached XP level 2. HP: 14/14 MP: 3/3
   446 | D:1      | Reached XP level 3. HP: 18/18 MP: 4/4
   720 | D:1      | 720 ||| READING scroll labelled GEIP BATUEHI.
   721 | D:1      | 721 ||| READING scroll labelled GIHUDU WAOGG.
   822 | D:1      | 822 ||| READING scroll labelled MAUNUP RAWIR.
   822 | D:1      | 822 ||| IDENTIFYING murky white potion
   823 | D:1      | 823 ||| DROPPING scroll of butterflies.
   975 | D:2      | Reached skill level 5 in Ranged Weapons
  1004 | D:2      | Reached XP level 4. HP: 22/22 MP: 5/5
  1276 | D:2      | 1276 ||| UPGRADING to +5 ring of evasion.
  1277 | D:2      | 1277 ||| READING 2 scrolls of identify.
  1277 | D:2      | 1277 ||| IDENTIFYING ruby potion
  1278 | D:2      | 1278 ||| READING scroll of identify.
  1278 | D:2      | 1278 ||| IDENTIFYING scroll labelled IGHIEM NEPREY
  1279 | D:2      | 1279 ||| READING scroll labelled QATUAVOSHR KIES.
  1283 | D:2      | 1283 ||| READING scroll labelled QIPNAUM QICU.
  1284 | D:2      | 1284 ||| DROPPING scroll of blinking.
  1285 | D:2      | 1285 ||| DROPPING potion of ambrosia.
  1378 | D:3      | Found a shimmering altar of Xom.
  1625 | D:3      | Found a glowing silver altar of Zin.
  1756 | D:3      | 1756 ||| UPGRADING to amulet of reflection.
  1761 | D:3      | 1761 ||| DRINKING 2 green potions.
  1789 | D:4      | Reached XP level 5. HP: 19/27 MP: 6/6
  1806 | D:4      | Noticed a phantom
  1807 | D:4      | 1807 ||| FLEEEEING.
  1813 | D:4      | 1813 ||| FLEEEEING.
  1814 | D:4      | 1814 ||| FLEEEEING.
  1837 | D:4      | 1837 ||| ZAPPING wand of light (6) at -4,-1 (phantom;
                  | floor).
  1838 | D:4      | 1838 ||| ZAPPING wand of light (5) at -3,-1 (phantom;
                  | open_door).
  1839 | D:4      | 1839 ||| ZAPPING wand of light (4) at -2,0 (phantom;
                  | floor).
  1839 | D:4      | Killed a phantom
  1916 | D:4      | Reached skill level 6 in Ranged Weapons
  1980 | D:4      | Reached XP level 6. HP: 31/31 MP: 7/7
  2005 | D:4      | Reached skill level 6 in Dodging
  2119 | D:4      | Identified the +1 ring mail "Deatukk" {rN+}
  2261 | D:4      | Found a blossoming altar of Fedhas.
  2303 | D:4      | Reached skill level 7 in Ranged Weapons
  2303 | D:4      | Reached XP level 7. HP: 35/35 MP: 8/8
  2320 | D:4      | Found a broken altar of Ashenzari.
  2435 | D:4      | Found an opulent altar of Gozag.
  2668 | D:4      | Noticed Natasha
  2674 | D:4      | Killed Natasha
  2803 | D:4      | 2803 ||| READING scroll of identify.
  2803 | D:4      | 2803 ||| IDENTIFYING brown potion
  2804 | D:4      | 2804 ||| READING scroll labelled ATWU NESISCHUE.
  2805 | D:4      | 2805 ||| READING scroll labelled UDU AXUOCO.
  2806 | D:4      | 2806 ||| DRINKING 3 fuming yellow potions.
  2815 | D:4      | Noticed Natasha
  2818 | D:4      | 2818 ||| FLEEEEING.
  2819 | D:4      | 2819 ||| FLEEEEING.
  2821 | D:4      | 2821 ||| FLEEEEING.
  2822 | D:4      | 2822 ||| FLEEEEING.
  2829 | D:4      | Killed Natasha
  2925 | D:5      | Entered Level 5 of the Dungeon
  2925 | D:5      | Found a white marble altar of Elyvilon.
  2926 | D:5      | 2926 ||| PLANNING SEWER
  3249 | D:5      | Reached skill level 8 in Ranged Weapons
  3518 | D:5      | 3518 ||| FLEEEEING.
  3518 | D:5      | HP: 8/35 [orc priest/divine providence (12)]
  3519 | D:5      | 3519 ||| READING scroll of teleportation.
  3519 | D:5      | Killed from afar by an orc priest

Levels and vault maps discovered:
D:1:      dpeg_arrival_rooms_b, layout_loops_ring,
          nicolae_ecumenical_snake_handling, serial_rivers,
          chequers_serial_rivers_micro_c, chequers_serial_rivers_marsh,
          chequers_serial_rivers_room_a, chequers_serial_rivers_small_a,
          chequers_serial_rivers_micro_b, st_stairs_1
D:2:      layout_rooms, kennysheep_generic_room_6
D:3:      layout_basic, lemuel_round_altar, mainiacjoe_overflow_24_doors
D:4:      layout_gridville, mainiacjoe_overflow_concentric_impassable,
          grunt_gozag_breadcrumbs, nicolae_ashenzari_panopticon,
          minmay_ruptured, uniq_natasha
D:5:      mumra_celtic_spiral_tile, layout_loops_ring, amcnicky_altar_gilded,
          nicolae_overflow_hidden_temple, nicolae_dithmenos_shadow_blocks,
          portal_sewer_entry_e, minmay_manual_moon, uniq_ijyb, uniq_eustachio

Skill      XL: |  1  2  3  4  5  6  7 |
---------------+----------------------+-----
Dodging        | 3 4 5 6 7 |  7.3
Ranged Weapons | 5 6 7 8 |  8.0
Fighting       | 2 |  2.3
Stealth        | |  1.5

Action                     |  1- 3 |  4- 6 |  7- 9 || total
---------------------------+-------+-------+-------++-------
   Fire: Shortbow          |   117 |   143 |   129 ||   389
  Evoke: Wand              |       |     3 |       ||     3
    Use: Scroll            |     3 |     4 |     4 ||    11
         Potion            |       |     1 |     1 ||     2
 Armour: Robe              |     3 |    12 |    12 ||    27
  Dodge: Dodged            |    26 |    61 |    86 ||   173
  Block: Other             |       |     8 |    21 ||    29

Table legend:
 A = Non-vault XP
 B = Vault XP
 C = Vault XP percentage of total XP
 D = Non-vault monster count
 E = Vault monster count
 F = Vault count percentage of total count
                 A         B        C        D         E       F
            +---------+---------+-------+---------+---------+-------
      Total |    1149 |     138 |  10.7 |     106 |       5 |   4.5
            +---------+---------+-------+---------+---------+-------
        D:1 |      55 |       3 |   5.2 |      32 |       2 |   5.9
        D:2 |      56 |       2 |   3.4 |      24 |       1 |   4.0
        D:3 |      33 |       0 |   0.0 |      12 |       0 |   0.0
        D:4 |     780 |     133 |  14.6 |      23 |       2 |   8.0
        D:5 |     225 |       0 |   0.0 |      15 |       0 |   0.0
            +---------+---------+-------+---------+---------+-------
